 Dungeon Sprint DCSS version 0.28-a0-1387-g3a22ab9bdc (webtiles) character file.

Game seed: 9907072302653561535

33486 mhtbhm the Slayer (level 13, -1/147 HPs)
             Began as a Black Draconian Berserker on Jan 2, 2022.
             Was the Champion of Trog.
             Collided with a snapping turtle (10 damage)
             ... caused by a merfolk aquamancer
             ... in the Dungeon (Sprint IX: "|||||||||||||||||||||||||||||").
             The game lasted 00:08:06 (4445 turns).

mhtbhm the Slayer (Black Draconian Berserker)       Turns: 4445, Time: 00:08:07

Health: -1/147     AC: 15    Str: 24    XL:     13   Next: 37%
Magic:  13/13      EV: 20    Int:  3    God:    Trog [******]
Gold:   1298       SH:  0    Dex: 14    Spells: 12/12 levels left

rFire   . . .      SeeInvis +   a - +6 great mace "Lourewn" {vorpal, rElec rCorr Int-4 Dex+2}
rCold   . . .      Faith    .   (shield currently unavailable)
rNeg    . . .      Spirit   .   (armour unavailable)
rPois   +          Reflect  .   (helmet restricted)
rElec   +          Harm     .   k - +2 cloak {rPois}
rCorr   +          Rampage  .   q - +0 pair of gloves
Will    .....      NoTele   +   p - +0 pair of boots
Stlth   ++........              (no amulet)
HPRegen 0.34/turn               l - +2 ring of protection
MPRegen 0.13/turn               u - ring of see invisible

@: very slow
A: breathe lightning, AC +8, unfitting armour, electricity resistance,
cold-blooded
a: Breathe Lightning, Renounce Religion, Berserk, Trog's Hand, Brothers in Arms


You were in the Dungeon.
You worshipped Trog.
Trog was exalted by your worship.
You visited 1 branch You collected 1827 gold pieces.
You spent 529 gold pieces at shops.

Inventory:

Hand Weapons
 a - the +6 great mace "Lourewn" (weapon) {vorpal, rElec rCorr Int-4 Dex+2}
   (Trog gifted it to you in the Dungeon)

   It inflicts extra damage upon your enemies.
   Int:       It affects your intelligence (-4).
   Dex:       It affects your dexterity (+2).
   rElec:     It insulates you from electricity.
   rCorr:     It protects you from acid and corrosion.
 s - the +10 double sword "Zeuchi" {vorpal, rC+ Will+}
   (You bought it in a shop in the Dungeon)

   It inflicts extra damage upon your enemies.
   rC:        It protects you from cold.
   Will:      It increases your willpower.
 x - the +10 fustibalus of Fittet {flame, Will+}
   (You found it in the Dungeon)

   Any ammunition fired from it burns those it strikes, dealing additional fire
   damage.
   Will:      It increases your willpower.
Armour
 j - a +0 cloak
 k - a +2 cloak of poison resistance (worn)
 p - a +0 pair of boots (worn)
 q - a +0 pair of gloves (worn)
Jewellery
 l - a +2 ring of protection (left hand)
 u - a ring of see invisible (right hand)
 v - a ring of poison resistance
 w - a ring of fire
Wands
 i - a wand of acid (5)
Scrolls
 g - 2 scrolls of blinking
 m - 7 scrolls of enchant weapon
 n - 7 scrolls of identify
 o - 2 scrolls of enchant armour
 t - a scroll of summoning {unknown}
Potions
 b - 5 potions of curing
 c - a potion of heal wounds
 d - a potion of resistance
 e - 4 potions of magic
 f - 2 potions of berserk rage
 h - a potion of invisibility
 z - a potion of might
 A - a potion of haste
 B - 2 potions of mutation


   Skills:
 + Level 22.8 Fighting
 + Level 21.6 Maces & Flails
 + Level 16.9 Dodging
 + Level 8.4 Stealth
 + Level 4.4 Evocations


You had 12 spell levels left.
You didn't know any spells.
Your spell library was empty.

Dungeon Overview and Level Annotations

Branches:
Dungeon (1/1)

Altars:
Cheibriados
Dithmenos
Elyvilon
Fedhas
Gozag
Hepliaklqana
Kikubaaqudgha
Makhleb
Nemelex Xobeh
Okawaru
Qazlal
Ru
Sif Muna
Trog
Uskayaw
Vehumet
Wu Jian
Xom
Yredelemnul
Zin
The Shining One
Beogh
Jiyva
Lugonu

Shops:
D (*([


Innate Abilities, Weirdness & Mutations

You can breathe wild blasts of lightning.
Your glossy black scales are hard. (AC +8)
You cannot fit into any form of body armour.
You are resistant to electric shocks. (rElec)
You are cold-blooded and may be slowed by cold attacks.


Message History

The merfolk aquamancer closely misses you.
Unknown command.
Okay, then.
Your cyclops goes berserk!
The merfolk siren chants its luring song.
The snapping turtle closely misses you.
The merfolk aquamancer hits you but does no damage.
Unknown command.
Okay, then.
Aiming: Corrosive Bolt
Press: ? - help, Shift-Dir - straight line, f - snapping turtle
Aim: a snapping turtle (heavily wounded, 91% to hit)
The bolt of acid hits the snapping turtle.
The snapping turtle is heavily wounded.
The bolt of acid hits the merfolk siren!
The acid corrodes the merfolk siren!
You are no longer entranced.
You kill the merfolk siren!
Trog accepts your kill.
Trog appreciates your killing of a magic user.
You hear a splash.
The bolt of acid misses the wind drake.
The bolt of acid hits the water nymph!!
The acid corrodes the water nymph!
You kill the water nymph!
Trog accepts your kill. Trog grants you a weapon!
Something appears at your feet!
You hear a splash.
You see here a +2 great sword of flaming.
Trog appreciates your killing of a magic user.
The bolt of acid hits the sea snake!!
The sea snake is heavily wounded.
The snapping turtle completely misses you.
The merfolk aquamancer points at you and mumbles some strange words.
The torrent of water hits you!!
* * * LOW HITPOINT WARNING * * *
You are knocked back by the torrent of water.
You collide with the snapping turtle!
The snapping turtle is almost dead.
You die...

)....))))))))......))))))∩.∩.∩.∩.
▓▓▓▓▓▓▓▓▓▓▓▓▓▓▓▓▓▓▓▓▓▓▓▓▓▓▓▓▓▓▓▓▓
.................................
▓▓▓▓▓▓▓▓▓▓▓▓▓▓▓▓▓▓▓▓▓▓▓▓▓▓▓▓▓▓▓▓▓
.=..[[[[[)[.........)'÷÷.()......
▓▓▓▓▓▓▓▓▓▓▓▓▓▓▓▓▓▓▓▓▓▓▓▓▓▓▓▓▓▓▓▓▓
.................................
♣♣♣♣▓▓▓▓▓▓▓▓▓▓▓▓▓▓▓▓▓▓▓▓▓▓▓▓▓▓▓▓▓
)...))))))....Cm@tk.S...
♣♣♣♣▓▓▓▓▓▓▓▓▓▓▓▓▓▓▓▓▓▓▓▓


You could see a sea snake, a merfolk aquamancer (ally target), a snapping
turtle, a wind drake (repels missiles) and a friendly cyclops (summoned,
berserk).

Vanquished Creatures
  2 stone giants (D)
  Snorg (D)
  A hydra (D)
  2 ice dragons (D)
  A ghost crab (D)
  5 ogre magi (D)
  3 naga warriors (D)
  Erica (D)
  A boulder beetle (D)
  An anaconda (D)
  7 two-headed ogres (D)
  An alligator (D)
  A two-headed ogre (shapeshifter) (D)
  2 deep troll earth magi (D)
  A vampire mage (D)
  A goliath frog (D)
  A salamander mystic (D)
  A naga ritualist (D)
  4 lindwurms (D)
  5 orc knights (D)
  3 manticores (D)
  3 ugly things (D)
  2 merfolk sirens (D)
  2 black mambas (D)
  A naga mage (D)
  2 water nymphs (D)
  Maurice (D)
  3 cane toads (D)
  2 rime drakes (D)
  A tengu conjurer (D)
  2 komodo dragons (D)
  A merfolk (D)
  A tyrant leech (D)
  2 trolls (D)
  A polar bear (D)
  A blink frog (D)
  A slime creature (D)
  A wraith (D)
  A vampire (D)
  A yak (D)
  2 basilisks (D)
  A vampire mosquito (D)
  A naga (D)
  2 water moccasins (D)
  An ice beast (shapeshifter) (D)
  7 orc warriors (D)
  2 swamp drakes (D)
  3 ogres (D)
  A centaur (D)
  A phantom (D)
  3 bullfrogs (D)
  A howler monkey (D)
  2 orc priests (D)
  4 orc wizards (D)
  An adder (D)
  An adder skeleton (D)
  3 worms (D)
  9 orcs (D)
  A hobgoblin (D)
  A quokka (D)
  A ball python (D)
  A bat (D)
  A kobold (D)
124 creatures vanquished.

Vanquished Creatures (others)
  A will-o-the-wisp (D)
  A tyrant leech (D)
  A hornet (D)
  A spriggan (D)
  2 foxfires (D)
6 creatures vanquished.

Grand Total: 130 creatures vanquished

Notes
Turn   | Place    | Note
-------+----------+-------------------------------------------
     0 | D        | mhtbhm the Draconian Berserker began the quest for the Orb.
     0 | D        | Reached XP level 1. HP: 19/19 MP: 1/1
     8 | D        | Reached ** piety under Trog
    51 | D        | Noticed a phantom
    55 | D        | Reached skill level 4 in Fighting
    59 | D        | Reached *** piety under Trog
    60 | D        | Reached XP level 2. HP: 28/28 MP: 2/2
    68 | D        | Killed a phantom
    69 | D        | Reached skill level 5 in Fighting
    69 | D        | Reached skill level 5 in Dodging
    69 | D        | Reached XP level 3. HP: 17/37 MP: 3/3
    69 | D        | Reached XP level 4. HP: 20/44 MP: 4/4
    77 | D        | Reached skill level 6 in Fighting
    83 | D        | Found a snail-covered altar of Cheibriados.
    83 | D        | Found a shadowy altar of Dithmenos.
    83 | D        | Found a white marble altar of Elyvilon.
    83 | D        | Found a blossoming altar of Fedhas.
    83 | D        | Found an opulent altar of Gozag.
    84 | D        | Found a hazy altar of Hepliaklqana.
    85 | D        | Found a viscous altar of Jiyva.
    86 | D        | Found an ancient bone altar of Kikubaaqudgha.
    87 | D        | Found a corrupted altar of Lugonu.
    88 | D        | Found a burning altar of Makhleb.
    89 | D        | Found a sparkling altar of Nemelex Xobeh.
    90 | D        | Found an iron altar of Okawaru.
    91 | D        | Found a stormy altar of Qazlal.
    92 | D        | Found a sacrificial altar of Ru.
    93 | D        | Found a shimmering blue altar of Sif Muna.
    94 | D        | Found a bloodstained altar of Trog.
    95 | D        | Found a hide-covered altar of Uskayaw.
    96 | D        | Found a radiant altar of Vehumet.
    97 | D        | Found an ornate altar of the Wu Jian Council.
    98 | D        | Found a shimmering altar of Xom.
    99 | D        | Found a basalt altar of Yredelemnul.
   100 | D        | Found a glowing silver altar of Zin.
   101 | D        | Found a glowing golden altar of the Shining One.
   348 | D        | Noticed a vampire
   348 | D        | Noticed a two-headed ogre
   348 | D        | Noticed a two-headed ogre
   348 | D        | Noticed a centaur
   348 | D        | Noticed a troll
   351 | D        | Killed a vampire
   351 | D        | Reached **** piety under Trog
   352 | D        | Reached skill level 7 in Fighting
   352 | D        | Reached skill level 1 in Stealth
   352 | D        | Reached XP level 5. HP: 53/53 MP: 5/5
   355 | D        | Killed a two-headed ogre
   356 | D        | Reached skill level 10 in Fighting
   356 | D        | Reached XP level 6. HP: 58/67 MP: 6/6
   356 | D        | Your scales start taking on a glossy black colour.
   356 | D        | Reached XP level 7. HP: 64/73 MP: 7/7
   356 | D        | Gained mutation: You are resistant to electric shocks.
                  | (rElec) [Black Draconian growth]
   361 | D        | Killed a two-headed ogre
   362 | D        | Reached skill level 11 in Fighting
   362 | D        | Reached XP level 8. HP: 61/83 MP: 8/8
   391 | D        | Killed a troll
   392 | D        | Reached skill level 12 in Fighting
   398 | D        | Reached ***** piety under Trog
   653 | D        | Noticed a purple ugly thing
   653 | D        | Noticed a two-headed ogre
   653 | D        | Noticed a slime creature
   653 | D        | Noticed a manticore
   653 | D        | Noticed a troll
   658 | D        | Killed a two-headed ogre
   658 | D        | Received a gift from Trog
   659 | D        | Reached skill level 10 in Dodging
   659 | D        | Reached XP level 9. HP: 92/92 MP: 9/9
   667 | D        | Killed a purple ugly thing
   668 | D        | Reached skill level 13 in Fighting
   685 | D        | Killed a manticore
   686 | D        | Reached skill level 15 in Maces & Flails
   696 | D        | Killed a troll
  1046 | D        | Noticed a cane toad
  1046 | D        | Noticed a komodo dragon
  1046 | D        | Noticed a six-headed hydra
  1050 | D        | Killed a cane toad
  1050 | D        | Received a gift from Trog
  1051 | D        | Reached skill level 14 in Fighting
  1051 | D        | Reached XP level 10. HP: 103/103 MP: 10/10
  1062 | D        | Killed a six-headed hydra
  1093 | D        | Reached skill level 15 in Fighting
  1350 | D        | Noticed a cane toad
  1350 | D        | Noticed a cane toad
  1357 | D        | Killed a cane toad
  1360 | D        | Killed a cane toad
  1361 | D        | Reached skill level 1 in Evocations
  1365 | D        | Noticed a black mamba
  1369 | D        | Reached ****** piety under Trog
  1382 | D        | Killed a black mamba
  1383 | D        | Reached skill level 16 in Fighting
  1468 | D        | Noticed a lindwurm
  1468 | D        | Noticed a lindwurm
  1468 | D        | Noticed a lindwurm
  1468 | D        | Noticed a lindwurm
  1682 | D        | Killed a lindwurm
  1682 | D        | Received a gift from Trog
  1683 | D        | Reached XP level 11. HP: 114/114 MP: 11/11
  1686 | D        | Killed a lindwurm
  1693 | D        | Killed a lindwurm
  1701 | D        | Killed a lindwurm
  1715 | D        | Received a gift from Trog
  2015 | D        | Noticed Maurice
  2029 | D        | Killed Maurice
  2115 | D        | Noticed an orc knight
  2122 | D        | Received a gift from Trog
  2136 | D        | Killed an orc knight
  2137 | D        | Reached skill level 17 in Fighting
  2281 | D        | Noticed an orc knight
  2281 | D        | Noticed an orc knight
  2289 | D        | Received a gift from Trog
  2292 | D        | Killed an orc knight
  2295 | D        | Killed an orc knight
  2306 | D        | Noticed an orc knight
  2310 | D        | Noticed an orc knight
  2319 | D        | Killed an orc knight
  2324 | D        | Killed an orc knight
  2326 | D        | Received a gift from Trog
  2461 | D        | Found Saulo's Antique Weapon Emporium.
  2461 | D        | Noticed an ogre mage
  2461 | D        | Noticed a two-headed ogre
  2461 | D        | Noticed a two-headed ogre
  2461 | D        | Noticed an ogre mage
  2463 | D        | Killed an ogre mage
  2464 | D        | Reached skill level 18 in Fighting
  2467 | D        | Killed a two-headed ogre
  2468 | D        | Reached skill level 5 in Stealth
  2471 | D        | Killed a two-headed ogre
  2472 | D        | Reached skill level 15 in Dodging
  2473 | D        | Found Walisu's Assorted Antiques.
  2478 | D        | Killed an ogre mage
  2478 | D        | Received a gift from Trog
  2478 | D        | Noticed a two-headed ogre
  2483 | D        | Found Duazino's Antique Weapon Emporium.
  2488 | D        | Noticed an ogre mage
  2491 | D        | Reached XP level 12. HP: 78/128 MP: 12/12
  2491 | D        | Noticed an ogre mage
  2492 | D        | Killed a two-headed ogre
  2493 | D        | Found Amido's Antique Armour Shoppe.
  2493 | D        | Noticed an ogre mage
  2495 | D        | Noticed a two-headed ogre
  2588 | D        | Killed an ogre mage
  2588 | D        | Received a gift from Trog
  2589 | D        | Reached skill level 19 in Fighting
  2800 | D        | Killed an ogre mage
  2819 | D        | Killed an ogre mage
  2825 | D        | Killed a two-headed ogre
  2825 | D        | Received a gift from Trog
  2861 | D        | Noticed a two-headed ogre
  2871 | D        | Killed a two-headed ogre
  3116 | D        | Bought an ichor-stained double sword for 340 gold pieces
  3116 | D        | Identified the +10 double sword "Zeuchi" {vorpal, rC+
                  | Will+} (You bought it in a shop in the Dungeon)
  3118 | D        | Bought a scroll of identify for 54 gold pieces
  3118 | D        | Bought a scroll labelled ALOIVA NIOFUPH for 27 gold pieces
  3118 | D        | Bought a scroll of identify for 54 gold pieces
  3118 | D        | Bought a scroll of identify for 54 gold pieces
  3215 | D        | Noticed Erica
  3224 | D        | Killed Erica
  3268 | D        | Got the +10 fustibalus of Fittet {flame, Will+}
  3269 | D        | Found the +4 moon troll leather armour {Spirit, Regen++
                  | MP+5}
  3323 | D        | Noticed a boulder beetle
  3332 | D        | Killed a boulder beetle
  3333 | D        | Reached skill level 20 in Fighting
  3337 | D        | Identified the +6 bardiche "Ecli" {vorpal, Fly rN+ Str-2}
                  | (Trog gifted it to you in the Dungeon)
  3337 | D        | Received a gift from Trog
  3392 | D        | Noticed an ice dragon
  3394 | D        | Noticed a stone giant
  3397 | D        | Noticed an ice dragon
  3400 | D        | Noticed a vampire mage
  3405 | D        | Noticed a deep troll earth mage
  3409 | D        | Killed an ice dragon
  3410 | D        | Noticed a stone giant
  3411 | D        | Noticed a deep troll earth mage
  3416 | D        | Killed a stone giant
  3416 | D        | Received a gift from Trog
  3422 | D        | Killed an ice dragon
  3426 | D        | Killed a vampire mage
  3427 | D        | Reached skill level 21 in Fighting
  3459 | D        | Killed a deep troll earth mage
  3467 | D        | Killed a stone giant
  3470 | D        | Killed a deep troll earth mage
  3470 | D        | Received a gift from Trog
  3738 | D        | Noticed Snorg
  3745 | D        | Killed Snorg
  3746 | D        | Reached XP level 13. HP: 144/144 MP: 13/13
  4224 | D        | Identified the +6 great mace "Lourewn" {vorpal, rElec rCorr
                  | Int-4 Dex+2} (Trog gifted it to you in the Dungeon)
  4224 | D        | Received a gift from Trog
  4227 | D        | Reached skill level 22 in Fighting
  4255 | D        | Received a gift from Trog
  4445 | D        | Received a gift from Trog
  4445 | D        | Collided with a snapping turtle

Illustrated notes

Levels and vault maps discovered:
D:        linesprint [early_d, line_temple, items_1, d_10, items_2, lair_1,
          lair_end, items_3, orc_1, orc_end, items_4, d_15, swamp_1, shoals_1,
          snake_1, spider_1, d_20, vaults_1, items_5, swamp_end, shoals_end,
          snake_end, spider_end, vaults_end, d_27, items_6, zot_1, zot_end,
          crypt_end, forest_end, elf_end, slime_end, tomb_end, abyss_end,
          pan_hell_end]

Skill      XL: |  1  2  3  4  5  6  7  8  9 10 11 12 13 |
---------------+----------------------------------------+-----
Dodging        | 3 5 6 8 9 10 11 13 15 16 | 16.9
Fighting       | 4 5 7 10 11 12 14 16 18 21 22 | 22.8
Maces & Flails | 4 6 8 11 12 13 15 17 19 21 | 21.6
Stealth        | 1 2 3 5 7 8 |  8.4
Evocations     | 1 2 3 4 |  4.4

Action                   |  1- 3 |  4- 6 |  7- 9 | 10-12 | 13-15 || total
-------------------------+-------+-------+-------+-------+-------++-------
Melee: Mace              |    28 |     8 |       |       |       ||    36
       Tailslap          |     1 |     3 |     9 |    55 |     9 ||    77
       Dire flail        |       |     6 |    54 |   269 |       ||   329
       Great mace        |       |       |       |     2 |    52 ||    54
Invok: Berserk           |     1 |     1 |     2 |     7 |     2 ||    13
       Brothers in Arms  |       |       |       |     1 |     1 ||     2
 Abil: Breathe Lightning |       |       |     4 |    11 |     3 ||    18
Evoke: Wand              |       |       |     1 |     6 |     3 ||    10
  Use: Potion            |       |       |     2 |     3 |     5 ||    10
       Scroll            |       |       |     1 |       |       ||     1
 Stab: Sleeping          |       |       |       |     1 |       ||     1
       Distracted        |       |       |       |       |     1 ||     1
       Confused          |       |       |       |       |     1 ||     1
Armor: Skin              |    10 |     1 |    22 |    42 |     8 ||    83
Dodge: Dodged            |    12 |     9 |    42 |   119 |    38 ||   220

Table legend: (Time is in decaauts)
 A = Elapsed time spent in this place.
 B = Non-inter-level travel time spent in this place.
 C = Inter-level travel time spent in this place.
 D = Time resting spent in this place.
 E = Time spent auto-exploring this place.
 F = Levels seen in this place.
 G = Mean time per level.
                   A        B        C        D        E       F      G
               +--------+--------+--------+--------+--------+-----+--------+
         Total |   4351 |   4351 |      0 |   2598 |    515 |   1 | 4351.0 |
       Dungeon |   4351 |   4351 |      0 |   2598 |    515 |   1 | 4351.0 |
               +--------+--------+--------+--------+--------+-----+--------+

Top non-repeatable levels by time:
       D: 4351 daAuts
